 Dungeon Crawl Stone Soup version 0.19-a0-1888-g6ba2374 (webtiles) character file.

2496 Eniamerus the Unseen (level 9, -2/43 HPs)
             Began as a Spriggan Assassin on Oct 17, 2016.
             Was a Priest of Okawaru.
             Slain by a hornet (16 damage)
             ... on level 7 of the Dungeon.
             The game lasted 00:23:23 (11364 turns).

Eniamerus the Unseen (Spriggan Assassin)           Turns: 11364, Time: 00:23:23

Health: -2/43      AC:  7    Str: 12    XL:     9   Next: 28%
Magic:  19/19      EV: 27    Int: 12    God:    Okawaru [***...]
Gold:   407        SH:  3    Dex: 26    Spells: 0 memorised, 8 levels left

rFire  . . .     SeeInvis +     a - +2 dagger (venom)
rCold  . . .     Gourm    .     c - +2 robe
rNeg   . . .     Faith    .     (shield restricted)
rPois  .         Spirit   .     (helmet restricted)
rElec  .         Dismiss  .     d - +2 cloak
rCorr  +         Reflect  +     (gloves unavailable)
MR     +....     Harm     .     (boots unavailable)
Stlth  ++++++++..               v - +3 amulet of reflection
                                t - ring of magical power
                                h - ring of resist corrosion

@: mighty, agile, very quick
A: unfitting armour, see invisible, herbivore 3, speed 3, slow metabolism 2
a: Heroism, Renounce Religion


You were on level 7 of the Dungeon.
You worshipped Okawaru.
Okawaru was most pleased with you.
You were not hungry.

You visited 2 branches of the dungeon, and saw 8 of its levels.
You also visited: Sewer and Ossuary.

You collected 407 gold pieces.

Inventory:

Hand Weapons
 a - a +2 dagger of venom (weapon)
 b - a +2 blowgun
 k - a +0 short sword
 m - a +2 dagger
 u - a +1 falchion of holy wrath
Missiles
 e - 63 poisoned needles
 f - 5 curare-tipped needles
 w - 8 tomahawks of returning (quivered)
Armour
 c - a +2 robe (worn)
 d - a +2 cloak (worn)
Jewellery
 h - a ring of resist corrosion (left hand)
 i - an uncursed ring of flight
 t - a ring of magical power (right hand)
 v - a +3 amulet of reflection (around neck)
 y - an uncursed ring of fire
 E - an uncursed amulet of rage {unknown}
Wands
 q - a wand of disintegration (1/24)
 x - a wand of flame (26/48)
 D - a wand of random effects (25/48)
Scrolls
 o - 2 scrolls of teleportation
 A - 6 scrolls of remove curse
 C - a scroll of fear
 I - a scroll of blinking
 J - a scroll of magic mapping
 M - a scroll of fog
Potions
 j - 3 potions of curing
 n - 2 potions of brilliance
 p - 2 potions of might
 r - a potion of lignification {unknown}
 s - 3 potions of agility
 z - 2 potions of flight
 B - 3 potions of heal wounds
 F - 3 potions of cure mutation {unknown}
 G - a potion of resistance {unknown}
 K - 2 potions of mutation {unknown}
 L - 2 potions of magic {unknown}
Comestibles
 g - 4 bread rations
 l - 5 fruits


   Skills:
 + Level 2.9 Fighting
 + Level 4.1 Short Blades
 + Level 3.5 Throwing
 + Level 4.7 Dodging
 + Level 16.5 Stealth


You had 8 spell levels left.
You didn't know any spells.

Dungeon Overview and Level Annotations

Branches:
Dungeon (7/15)             Temple (1/1) D:5

Altars:
Ashenzari
Dithmenos
Elyvilon
Fedhas
Hepliaklqana
Kikubaaqudgha
Makhleb
Nemelex Xobeh
Okawaru
Qazlal
Sif Muna
Uskayaw
Vehumet
Xom
Yredelemnul
The Shining One

Shops:
D:5 :

Annotations:
D:4 Tekks's ghost, amateur SpFi


Innate Abilities, Weirdness & Mutations

You are very small and have problems with some larger weapons.
You are too small for most types of armour.
You have supernaturally acute eyesight. (SInv)
You are a herbivore.
You cover ground extremely quickly.
You need consume almost no food.


Message History

You puncture the hornet!
The hornet is moderately wounded.
The hornet completely misses you. The hornet stings you!
You feel yourself slow down.
You hit the hornet but do no damage.
The hornet is poisoned.
The hornet is moderately wounded.
The hornet misses you.
You closely miss the hornet.
The hornet is moderately wounded.
The hornet misses you. The hornet closely misses you.
An ice beast comes into view.
You closely miss the hornet.
The hornet is moderately wounded.
The hornet closely misses you.
The hornet stings you but does no damage.
You hit the hornet.
The hornet looks as sick as possible!
The hornet is heavily wounded.
You feel yourself speed up. The hornet stings you!
You die...

###...............#....##
..................+......
###.......######.##....###
#.#.##..# #.##.####
###.#.###.# #.##.#
#.........# #.# .#
..........# ####.##.###.
..........###....y.........
#..........##...@..........
###'#.###..##..............
###.#.# #..##).†..........#
....#.# #...[)............#
#####.# ###)#....####.##.##
....#.# #)##...##($(Y.(.#
..#.#.# #)##.....(......#
#...#.#####.##....#..>....#
#####....##.##....#.....#...


You could see a hornet and an ice beast.

Vanquished Creatures
  An orc warrior (D:7)
  A sky beast (D:4)
  A phantom (D:4)
  4 ogres
  A big kobold (D:7)
  4 bullfrogs
  3 scorpions
  4 killer bees (D:7)
  4 howler monkeys
  3 crimson imps
  A bullfrog zombie (D:6)
  A centaur zombie (D:6)
  A quasit (D:5)
  A centaur skeleton (D:5)
  2 hounds
  A bullfrog skeleton (D:6)
  3 human zombies (Ossuary)
  An orc priest (D:3)
  A jelly (D:6)
  An iguana (D:7)
  4 worker ants
  2 orc wizards
  A killer bee zombie (D:6)
  A big kobold zombie (Ossuary)
  A hound zombie (Ossuary)
  3 mummies (Ossuary)
  12 adders
  7 river rats (Sewer)
  A shadow imp (D:6)
  2 oozes
  2 adder skeletons (D:5)
  2 worms
  4 dart slugs
  5 leopard geckos
  19 orcs
  7 ball pythons
  10 bats
  5 giant cockroaches
  9 goblins
  8 hobgoblins
  16 jackals
  3 quokkas
  10 frilled lizards
  A gnoll zombie (Ossuary)
  A hobgoblin zombie (Ossuary)
  28 kobolds
  A kobold zombie (Ossuary)
  2 orc zombies (Ossuary)
  23 rats
  2 rat zombies (Ossuary)
  A spectral orc (D:7)
232 creatures vanquished.

Notes
Turn   | Place    | Note
-------+----------+-------------------------------------------
     0 | D:1      | Eniamerus the Spriggan Assassin began the quest for the Orb.
     0 | D:1      | Reached XP level 1. HP: 10/10 MP: 2/2
    30 | D:1      | Reached skill level 6 in Stealth
   697 | D:1      | Reached XP level 2. HP: 14/14 MP: 3/3
   759 | D:1      | Reached skill level 7 in Stealth
   993 | D:1      | Found an iron altar of Okawaru.
  1251 | D:1      | Became a worshipper of Warmaster Okawaru
  1279 | D:1      | Reached XP level 3. HP: 18/18 MP: 4/4
  1936 | D:2      | Reached skill level 8 in Stealth
  2310 | D:2      | Reached XP level 4. HP: 22/22 MP: 5/5
  2485 | D:2      | Found a glowing golden altar of the Shining One.
  2848 | D:3      | HP: 1/22 [poisoned by an adder]
  3232 | D:3      | Reached skill level 9 in Stealth
  3334 | D:3      | Found a shadowy altar of Dithmenos.
  3486 | D:3      | Reached XP level 5. HP: 20/25 MP: 6/6
  3747 | D:4      | Noticed a phantom
  3797 | D:4      | Reached skill level 10 in Stealth
  3798 | D:4      | Found a hazy altar of Hepliaklqana.
  3987 | D:4      | Noticed Tekks's ghost (amateur SpFi)
  4122 | D:4      | Killed a phantom
  4122 | D:4      | Reached skill level 11 in Stealth
  4122 | D:4      | Reached XP level 6. HP: 30/30 MP: 7/7
  4293 | D:4      | Found a burning altar of Makhleb.
  4294 | D:4      | Found a radiant altar of Vehumet.
  4349 | D:4      | Found a glowing drain.
  4404 | Sewer    | Entered a sewer
  5140 | Sewer    | Reached * piety under Okawaru
  5157 | Sewer    | Reached skill level 12 in Stealth
  6028 | D:5      | Entered Level 5 of the Dungeon
  6028 | D:5      | Found a shimmering altar of Xom.
  6160 | D:5      | Reached XP level 7. HP: 18/33 MP: 8/8
  6408 | D:5      | Found a staircase to the Ecumenical Temple.
  6417 | Temple   | Entered the Ecumenical Temple
  6850 | D:5      | Reached skill level 13 in Stealth
  8019 | D:5      | Reached skill level 14 in Stealth
  8068 | D:5      | Reached ** piety under Okawaru
  8163 | D:5      | Reached XP level 8. HP: 22/37 MP: 9/9
  8651 | D:5      | Found Tydi's Book Boutique.
  8790 | D:6      | Reached skill level 15 in Stealth
  9360 | D:6      | Reached skill level 16 in Stealth
 10222 | D:7      | Reached *** piety under Okawaru
 10406 | D:7      | Found a sand-covered staircase.
 10416 | Ossuary  | Entered an ossuary
 10462 | Ossuary  | Reached XP level 9. HP: 31/43 MP: 10/10
 10493 | Ossuary  | Noticed Naow's ghost (novice FoFi)
 11045 | D:7      | Found a basalt altar of Yredelemnul.
 11364 | D:7      | Slain by a hornet

Vault maps used:
D:1:      minmay_arrival_four_loops, okawaru_ov_weapons_minmay
D:2:      tso_oasis_becter
D:3:      grunt_dithmenos_smoke_and_mirrors, first_bread
D:4:      grunt_temple_overflow_lords_of_destruction, marbit_many_paths,
          gup_sewer_entry_bowl, kennysheep_generic_room_3
D:5:      xom_butterflies, serial_shops, nicolae_shop_trees,
          kennysheep_nondescript
D:7:      yredelemnul_forgotten_temple_becter, hangedman_ru_absence,
          lightli_ossuary_entry_decrepit_ruins
Temple:   jpeg_temple_island
Sewer:    sewer_minmay_treatment
Ossuary:  ossuary_minmay_tomb_2a

Skill      XL: |  1  2  3  4  5  6  7  8  9 |
---------------+----------------------------+-----
Stealth        | 6 7 8 9 11 12 14 16 | 16.5
Dodging        | 3 4 |  4.7
Fighting       | 2 |  2.9
Short Blades   | 3 4 |  4.1
Throwing       | 3 |  3.5

Action                   |  1- 3 |  4- 6 |  7- 9 || total
-------------------------+-------+-------+-------++-------
Melee: Dagger            |   122 |   258 |   403 ||   783
       Short sword       |    29 |       |       ||    29
 Fire: Blowgun           |     4 |       |    10 ||    14
  Use: Scroll            |       |    14 |     9 ||    23
       Potion            |       |     1 |    10 ||    11
 Stab: Sleeping          |     8 |    23 |    20 ||    51
       Distracted        |       |       |     4 ||     4
  Eat: Fruit             |       |     3 |     3 ||     6
       Royal jelly       |       |       |     2 ||     2
Armor: Robe              |    14 |    31 |    47 ||    92
Dodge: Dodged            |    95 |   213 |   330 ||   638
Block: Other             |       |       |    40 ||    40
       Reflection        |       |       |     1 ||     1
